 Dungeon Crawl Stone Soup version 0.21.1-1-g345015fe64 (webtiles) character file.

1723 Kholdaimon the Cleaver (level 8, -8/66 HPs)
             Began as a Minotaur Fighter on June 15, 2018.
             Was an Initiate of Trog.
             Mangled by shachar58's ghost (12 damage)
             ... on level 7 of the Dungeon.
             The game lasted 00:37:13 (5602 turns).

Kholdaimon the Cleaver (Minotaur Fighter)           Turns: 5602, Time: 00:37:14

Health: -8/66      AC: 14    Str: 22    XL:     8   Next: 75%
Magic:  7/7        EV:  6    Int:  5    God:    Trog [......]
Gold:   368        SH: 12    Dex: 11    Spells: 7/7 levels left

rFire    . . .     SeeInvis +   a - +1 war axe
rCold    . . .     Gourm    .   c - +1 shield
rNeg     . . .     Faith    .   x - +2 chain mail {MR+}
rPois    .         Spirit   .   q - +2 hat
rElec    .         Reflect  .   m - +0 cloak
rCorr    .         Harm     .   (no gloves)
MR       +....                  (no boots)
Stlth    ..........             n - amulet of rage
HPRegen  0.21/turn              y - ring of see invisible
MPRegen  0.10/turn              (no ring)

@: no status effects
A: retaliatory headbutt, horns 2
a: Burn Spellbooks, Renounce Religion, Evoke Berserk Rage


You were on level 7 of the Dungeon.
You worshipped Trog.
Trog was noncommittal.
You were hungry.

You visited 2 branches of the dungeon, and saw 8 of its levels.

You collected 368 gold pieces.

Inventory:

Hand Weapons
 a - a +1 war axe (weapon)
 b - a +2 spear of piercing
Missiles
 e - 27 poisoned needles
 r - 7 tomahawks (quivered)
 w - a throwing net
Armour
 c - a +1 shield (worn)
 m - a +0 cloak (worn)
 q - a +2 hat (worn)
 x - a +2 chain mail of magic resistance (worn)
Jewellery
 n - an amulet of rage (around neck)
 y - a ring of see invisible (left hand)
Wands
 i - a wand of digging (10)
Scrolls
 g - 3 scrolls of teleportation
 h - a scroll of identify
 p - 2 scrolls of blinking
 s - 2 scrolls of remove curse
 t - a scroll of enchant armour
 u - a scroll of magic mapping
Potions
 d - a potion of might
 j - a potion of lignification
 k - 5 potions of resistance
 o - 2 potions of brilliance
 v - a potion of curing
 z - a potion of ambrosia {unknown}
Comestibles
 f - 12 rations
 A - 3 chunks of flesh


   Skills:
 - Level 3.6 Fighting
 + Level 11.0 Axes
 - Level 3.6 Armour
 + Level 8.7 Shields


You had 7 spell levels left.
You didn't know any spells.

Dungeon Overview and Level Annotations

Branches:
Dungeon (7/15)             Temple (1/1) D:6

Altars:
Ashenzari
Cheibriados
Dithmenos
Elyvilon
Fedhas
Gozag
Hepliaklqana
Kikubaaqudgha
Nemelex Xobeh
Qazlal
Ru
Trog
Wu Jian
Xom
Yredelemnul
Zin

Annotations:
D:7 shachar58's ghost, novice FeBe


Innate Abilities, Weirdness & Mutations

You reflexively headbutt those who attack you in melee.
You have a pair of horns on your head.


Message History

You block shachar58's ghost's attack.
You completely miss shachar58's ghost.
Shachar58's ghost is moderately damaged.
Shachar58's ghost hits you but does no damage.
You completely miss shachar58's ghost.
Shachar58's ghost is moderately damaged.
You block shachar58's ghost's attack.
You completely miss shachar58's ghost. Your headbutt misses shachar58's ghost.
Shachar58's ghost is moderately damaged.
You block shachar58's ghost's attack.
You miss shachar58's ghost. Your headbutt misses shachar58's ghost.
Shachar58's ghost is moderately damaged.
Shachar58's ghost hits you but does no damage.
You miss shachar58's ghost.
Shachar58's ghost is moderately damaged.
You block shachar58's ghost's attack.
You barely miss shachar58's ghost.
Shachar58's ghost is moderately damaged.
Shachar58's ghost hits you!
You die...

#...........# . ..
#...((.....##.. .#
#.............. .#
#..........# .## #
##...((((..?#.. ..# .#
#.....†(......# ..###.#
#.>..)a).....##
......#####.#.##W#..K..K..
......#.....#.##@#...K.KK.
.#<.....####..##.#.....K..
##...........###.#........
##....###..### #.########.
##...## #<.## #(. ##...#
##..# ### ##...# ##..##
##...# #....## ##...#
##.##..##


You could see a worker ant and shachar58's ghost.

Vanquished Creatures
  The ghost of Hatywr the Chopper, a novice HuFi of Cheibriados (D:4)
  An orc warrior (D:6)
  A sky beast (D:7)
  A big kobold (D:7)
  2 bullfrogs (D:6)
  2 water moccasin zombies
  2 scorpions
  A howler monkey (D:6)
  A crimson imp (D:5)
  2 jellies (D:6)
  A hound (D:5)
  8 orc wizards
  A centaur skeleton (D:5)
  An orc priest (D:4)
  A gnoll shaman (D:5)
  5 worker ants
  A worker ant zombie (D:5)
  4 gnolls (D:5)
  5 adders
  2 oozes (D:1)
  An adder skeleton (D:4)
  An adder zombie (D:5)
  3 worms
  2 dart slugs
  6 leopard geckos
  26 orcs
  3 ball pythons
  4 giant cockroaches
  6 goblins
  12 hobgoblins
  5 quokkas
  8 bats
  2 frilled lizards (D:1)
  13 kobolds
  A quokka skeleton (D:5)
  10 rats
146 creatures vanquished.

Notes
Turn   | Place    | Note
-------+----------+-------------------------------------------
     0 | D:1      | Kholdaimon the Minotaur Fighter began the quest for the Orb.
     0 | D:1      | Reached XP level 1. HP: 19/19 MP: 0/0
   140 | D:1      | Reached XP level 2. HP: 27/27 MP: 1/1
   273 | D:1      | Reached skill level 3 in Axes
   448 | D:1      | Reached XP level 3. HP: 33/33 MP: 2/2
  1263 | D:2      | Reached skill level 4 in Axes
  1338 | D:2      | Reached XP level 4. HP: 40/40 MP: 3/3
  1597 | D:2      | Found a hazy altar of Hepliaklqana.
  1599 | D:2      | Found a white marble altar of Elyvilon.
  1763 | D:3      | Reached skill level 5 in Shields
  2309 | D:3      | Reached skill level 5 in Axes
  2309 | D:3      | Reached XP level 5. HP: 45/46 MP: 4/4
  2749 | D:4      | Reached skill level 6 in Axes
  2750 | D:4      | Reached XP level 6. HP: 25/52 MP: 5/5
  3085 | D:4      | Found an ancient bone altar of Kikubaaqudgha.
  3094 | D:4      | Noticed Hatywr's ghost (novice HuFi)
  3109 | D:4      | Killed Hatywr's ghost
  3109 | D:4      | Reached skill level 7 in Axes
  3109 | D:4      | Reached XP level 7. HP: 43/58 MP: 6/6
  3420 | D:4      | Reached skill level 8 in Axes
  3565 | D:5      | Entered Level 5 of the Dungeon
  4116 | D:5      | Reached skill level 9 in Axes
  4444 | D:6      | Reached XP level 8. HP: 66/66 MP: 7/7
  4864 | D:6      | Found a staircase to the Ecumenical Temple.
  4884 | Temple   | Entered the Ecumenical Temple
  5087 | Temple   | Became a worshipper of Trog the Wrathful
  5129 | D:6      | Reached skill level 10 in Axes
  5499 | D:7      | Reached skill level 11 in Axes
  5556 | D:7      | Noticed shachar58's ghost (novice FeBe)
  5592 | D:7      | HP: 2/66 [shachar58's ghost (5)]
  5602 | D:7      | Mangled by shachar58's ghost

Skill      XL: |  1  2  3  4  5  6  7  8 |
---------------+-------------------------+-----
Shields        | 4 5 6 7 8 |  8.7
Axes           | 3 4 5 6 7 9 11 | 11.0
Fighting       | |  3.6
Armour         | |  3.6

Action                   |  1- 3 |  4- 6 |  7- 9 || total
-------------------------+-------+-------+-------++-------
Melee: War axe           |   102 |   136 |   223 ||   461
       Headbutt          |     9 |    24 |    40 ||    73
Throw: Tomahawk          |       |       |     5 ||     5
  Use: Scroll            |       |    14 |     2 ||    16
       Potion            |       |     2 |     1 ||     3
  Eat: Chunk             |     1 |     6 |     8 ||    15
Armor: Scale mail        |    33 |     8 |       ||    41
       Chain mail        |       |    41 |    78 ||   119
Dodge: Dodged            |    27 |    30 |    40 ||    97
Block: Shield            |    49 |    79 |   118 ||   246
